 Dungeon Crawl Stone Soup version 0.14-a0-155-gd989017 (webtiles) character file.

187 Malachi the Charmwright (level 4, -1/37 HPs)
             Began as a Djinni Skald on Oct 5, 2013.
             Slain by a worm (10 damage)
             ... on Level 2 of the Dungeon.
             The game lasted 00:03:29 (2176 turns).

Malachi the Charmwright (Djinni Skald)              Turns: 2176, Time: 00:03:29

HP  -1/37        AC  2     Str 13      XL: 4   Next:  6%
MP   0/0         EV 11     Int 13      God:
Gold 115         SH  0     Dex 12      Spells:  3 memorised,  3 levels left

Res.Fire  : + + +   See Invis. : .   a - +0 falchion
Res.Cold  : x . .   Warding    : .   d - -1 leather armour (curse)
Life Prot.: + + +   Conserve   : .   (no shield)
Res.Poison: .       Res.Corr.  : .   (no helmet)
Res.Elec. : .       Clarity    : .   (no cloak)
Sust.Abil.: . .     Spirit.Shd : .   (no gloves)
Res.Mut.  : .       Stasis     : .   (boots unavailable)
Res.Rott. : .       Flight     : .   (no amulet)
Saprovore : . . .                    (no ring)
                                     (no ring)

@: slightly resistant to hostile enchantments, very unstealthy
A: fire immunity, cold vulnerability, life protection 3
a: no special abilities


You were on level 2 of the Dungeon.
You were not hungry.

You visited 1 branch of the dungeon, and saw 2 of its levels.

You collected 95 gold pieces.

Inventory:

Hand weapons
 a - a +0,+0 falchion (weapon)
Armour
 b - a +0 leather armour
 d - a cursed -1 leather armour (worn)
Scrolls
 g - 3 scrolls of identify {unknown}
 i - a scroll of curse armour {unknown}
 j - a scroll of enchant weapon II {unknown}
 l - a scroll of enchant weapon I {unknown}
 m - a scroll of fog {unknown}
 o - 3 scrolls of remove curse {unknown}
 p - a scroll of fear {unknown}
 q - a scroll of amnesia {unknown}
Jewellery
 e - an uncursed ring of protection from magic {unknown}
Potions
 f - 2 potions of curing
 h - a potion of might {unknown}
 k - a potion of brilliance {unknown}
 n - a potion of porridge {unknown}
Books
 c - a book of Battle

   Spells                             Type                      Level
   *Infusion                          Charms                       1
   *Shroud of Golubria                Charms/Translocation         2
   *Song of Slaying                   Charms                       2
   Spectral Weapon                    Hexes/Charms                 3
   Regeneration                       Charms/Necromancy            3
   Song of Shielding                  Charms                       4


   Skills:
 + Level 2.1 Fighting
 * Level 2.6 Long Blades
 - Level 1.2 Armour
 + Level 1.6 Dodging
 - Level 2.5 Spellcasting
 * Level 3.9 Charms
 - Level 0.2 Translocations


You had 3 spell levels left.
You knew the following spells:

 Your Spells              Type           Power        Failure   Level  Hunger
a - Infusion              Chrm           ##....       6%          1    #......
b - Song of Slaying       Chrm           ##........   10%         2    ###....
c - Shroud of Golubria    Chrm/Tloc      #.........   17%         2    ###....


Dungeon Overview and Level Annotations

Branches:
Dungeon (2/27)

Altars:
Sif Muna


Innate Abilities, Weirdness & Mutations

You are immune to all types of fire, even holy and hellish.
You are vulnerable to cold.
You need no food.
You have no legs.
You are immune to negative energy.


Message History

You see here a rat corpse.
You start resting.
A worm is nearby!
A worm is nearby!
Casting: Shroud of Golubria
Confirm with . or Enter, or press ? or * to list all spells.
Your attacks are magically infused.
You are very lightly contaminated with residual magic.
You barely miss the worm.
The worm is moderately wounded.
The worm bites you.
* * * LOW HITPOINT WARNING * * *
You are too injured to fight recklessly!
You are too injured to fight recklessly!
You are too injured to fight recklessly!
Your magical contamination has completely faded away.
You hit the worm.
The worm is heavily wounded.
The worm bites you!
You die...

###.# .# #.#..# ##.##
###.#.###...# #######
#.......##..# ####≈≈≈≈≈#
##.......#..###..#≈≈≈≈≈≈≈
#.........#.#%..# #≈≈...≈≈
##.........##...###≈≈._.≈≈
#........w#.#...#.#≈≈...≈≈
##......@#..###..#≈≈≈.≈≈≈
. #.......#...#...##≈≈.≈≈#
#.
#h##.#.####w.#######'###
##.##.##.#.####.## #.###
..............w..# #....
####........##### ####.
.## ##...####.# ##### #.
....#...%..##.#
#...#######.
#.##........##.#
##..........#


You could see a worm and a jackal (wandering).

Vanquished Creatures
  A giant mite (D:2)
  2 adders (D:2)
  A ball python (D:2)
  A giant cockroach (D:1)
  6 goblins
  7 hobgoblins
  3 bats
  A giant gecko (D:2)
  4 giant newts
  5 jackals (D:2)
  10 kobolds
  4 rats
45 creatures vanquished.

Notes
Turn   | Place    | Note
--------------------------------------------------------------
     0 | D:1      | Malachi, the Djinni Skald, began the quest for the Orb.
     0 | D:1      | Reached XP level 1. HP: 16/16 MP: 0/0
   703 | D:1      | Reached XP level 2. EP: 18/23
   784 | D:1      | Reached skill level 1 in Dodging
  1257 | D:2      | Found a deep blue altar of Sif Muna.
  1487 | D:2      | Learned a level 2 spell: Song of Slaying
  1490 | D:2      | Learned a level 2 spell: Shroud of Golubria
  1674 | D:2      | Reached XP level 3. EP: 22/29
  2135 | D:2      | Reached XP level 4. EP: 21/37
  2176 | D:2      | Slain by a worm

Action                   |  1- 3 |  4- 6 || total
-------------------------+-------+-------++-------
Melee: Falchion          |   125 |     7 ||   132
 Cast: Infusion          |    15 |     1 ||    16
       Shroud of Golubri |    10 |       ||    10
  Use: Potion            |       |     1 ||     1
